[Event "Live Chess"]
[Site "Chess.com"]
[Date "2024.06.01"]
[Round "-"]
[White "StoreySniper"]
[Black "Crowded_House"]
[Result "1-0"]
[WhiteElo "2532"]
[BlackElo "1736"]
[TimeControl "300"]
[EndTime "12:46:21 PDT"]
[Termination "StoreySniper won by checkmate"]

1. e4 e6 2. Nc3 d5 3. Nf3 dxe4 4.
Nxe4 Bd7 5. d4 Bc6 6. Ng3 Nf6 7.
Bd3 Be7 8. O-O h6 9. c4 O-O 10. Ne5 Be8 11. Be3 Nbd7 12. Nf3 Ng4 13. Bc2 Nxe3 14.
fxe3 Nf6 15. Qd3 g6 16. Ne5 Nd7 17. Ng4 Kg7 18. Rf2 Nf6 19. Ne5 Nd7 20. Nf3 Nf6 21. Raf1 Qd6 22. Ne5 Qd8 23. h4 h5 24. Rxf6 Bxf6 25.
Nxh5+ Kh7 26. Nxf6+ Kh6 27. Nxe8 Qxe8 28. Rxf7 Rg8 29.
g4 Rd8 30. g5+ Kh5 31. Rh7# 1-0

[Event "Live Chess"]
[Site "Chess.com"]
[Date "2024.06.01"]
[Round "-"]
[White "grillage"]
[Black "booktrunk"]
[Result "1-0"]
[WhiteElo "1856"]
[BlackElo "1370"]
[TimeControl "300"]
[EndTime "12:46:22 PDT"]
[Termination "grillage won by resignation"]

1. d4 b6 2. Nf3 Bb7 3. g3 e6 4. Bg2 h6 5. O-O Nf6 6. c4 Bd6 7. Nc3 O-O 8. Re1 c5 9. d5 exd5 10. cxd5 Na6 11. Nb5 Bb8 12. e4 Nc7 13. a4 Nxb5 14.
axb5 Re8 15. Nd2 Be5 16. Nc4 Bd4 17. Be3 Bxe3 18. Rxe3 Re7 19. e5 Nh7 20. d6 Re6 21. Bxb7 Rb8 22. Bg2 Rb7 23. f4 Rb8 24. Ra6 Ng5 25.
fxg5 1-0

[Event "Live Chess"]
[Site "Chess.com"]
[Date "2024.06.01"]
[Round "-"]
[White "NottheBishopSacrifice"]
[Black "nitrofish07"]
[Result "1-0"]
[WhiteElo "2263"]
[BlackElo "2102"]
[TimeControl "300"]
[EndTime "12:46:33 PDT"]
[Termination "NottheBishopSacrifice won by resignation"]

1. d4 d5 2. Nf3 Nf6 3. Bf4 Bf5 4. e3 e6 5. Bd3 Bxd3 6. Qxd3 Bd6 7. Bg3 c6 8. O-O Bxg3 9. hxg3 O-O 10. c4 Nbd7 11. Nc3 a5 12. e4 dxe4 13. Nxe4 Nxe4 14. Qxe4 Nf6 15. Qf4 Qb8 16. Qe3 Qd6 17. Rad1 Rfd8 18. Rfe1 a4 19. b3 axb3 20. axb3 Ra3 21. Rd3 h6 22. Red1 Rda8 23. Ne5 Ra1 24. g4 Nd7 25. Nxd7 Qxd7 26. g5 hxg5 27. Qxg5 Rxd1+ 28. Rxd1 Qd8 29. Qe5 Qf6 30. Qe3 Rd8 31. g3 c5 32. d5 exd5 33.
cxd5 b6 34. Kg2 g6 35. Qe4 Kg7 36. Rd3 Qd6 37. f4 Rd7 38. Qe5+ f6 39. Qxd6 Rxd6 40. Kf3 b5 41. Ke4 Rd8 42. Rc3 Re8+ 43. Kd3 Rc8 44. Rc1 Kf7 45. Ra1 Rc7 46. Ra5 Rb7 47. Ra6 Ke7 48.
Rc6 c4+ 49. bxc4 bxc4+ 50. Kxc4 Rb1 51. Re6+ Kf7 52. Ra6 Rg1 53. Ra3 Ke7 54. Re3+ Kd7 55. Re6 Rxg3 56. Rxf6 Rg4 57. Kc5 Rg1 58. Rf7+ Ke8 59.
Rg7 Rf1 60. Rxg6 Rxf4 61. Kd6 Ra4 62. Rg8+ Kf7 63. Rb8 Ra7 64. Kc6 Ke7 65. d6+ Ke6 66. Re8+ Kf7 67. Re1 Ra1 68. Rxa1 1-0

[Event "Live Chess"]
[Site "Chess.com"]
[Date "2024.06.01"]
[Round "-"]
[White "MagnersCarlsberg2870"]
[Black "blunderabit"]
[Result "0-1"]
[WhiteElo "1826"]
[BlackElo "1829"]
[TimeControl "300"]
[EndTime "12:46:52 PDT"]
[Termination "blunderabit won by resignation"]

1. Nf3 Nf6 2. d4 d5 3. e3 e6 4. Bd3 Bd6 5. Nbd2 c5 6. c3 Nc6 7. Qe2 Qc7 8. O-O O-O 9. e4 dxe4 10. Nxe4 cxd4 11. Nxf6+ gxf6 12. Qe4 f5 13. Qh4 f6 14. Bh6 Rf7 15. Nxd4 Nxd4 16. cxd4 Bf8 17. Rac1 Qe7 18. Bxf8 Qxf8 19. Rc3 Bd7 20. Rfc1 Bc6 21. b4 Rg7 22. b5 Bxg2 23. Bf1 Bf3+ 24. Bg2 Bxg2 25. Rc7 Bc6+ 26.
Kf1 Bxb5+ 27. Ke1 Qb4+ 28. Kd1 Qa4+ 29. Kd2 Rxc7 30. Rxc7 Qa5+ 31. Rc3 Qxa2+ 32. Ke3 Qe2+ 33. Kf4 Qd2+ 34. Re3 Qxd4+ 0-1

[Event "Live Chess"]
[Site "Chess.com"]
[Date "2024.06.01"]
[Round "-"]
[White "WelshTiger"]
[Black "imchessive"]
[Result "1-0"]
[WhiteElo "2543"]
[BlackElo "1588"]
[TimeControl "300"]
[EndTime "12:47:16 PDT"]
[Termination "WelshTiger won by checkmate"]

1. e4 c5 2. Nf3 e6 3. c3 d5 4.
exd5 exd5 5. d4 Nf6 6. Bb5+ Nc6 7. O-O Be7 8. dxc5 O-O 9. Be3 a6 10. Bxc6 bxc6 11. b4 a5 12. a3 Ba6 13. Re1 Ne4 14. Bd4 Bf6 15. Nbd2 Bxd4 16. cxd4 Re8 17. Nxe4 dxe4 18.
Ne5 Qd5 19. Qg4 f6 20. Nd7 Kh8 21. Nb6 Qxd4 22. Nxa8 Rxa8 23. Qxe4 Qb2 24. Qe8+ Rxe8 25. Rxe8# 1-0

[Event "Live Chess"]
[Site "Chess.com"]
[Date "2024.06.01"]
[Round "-"]
[White "MaksymYurii"]
[Black "Queensandpawns"]
[Result "0-1"]
[WhiteElo "933"]
[BlackElo "2382"]
[TimeControl "300"]
[EndTime "12:47:22 PDT"]
[Termination "Queensandpawns won by checkmate"]

1. e4 e5 2. Nf3 Nf6 3. d4 Nc6 4. dxe5 Nxe4 5. Bd3 Nc5 6. O-O Be7 7. Nc3 O-O 8. Nd5 Ne6 9. Nxe7+ Qxe7 10. Bb5 a6 11.
Bxc6 dxc6 12. Bd2 c5 13. Re1 Bd7 14. Re4 Bc6 15. Rg4 Rad8 16. Qe2 Bxf3 17. Qxf3 Rxd2 18.
h3 Rfd8 19. Re1 R2d4 20. Rg3 Rf4 21. Qh5 Qh4 22. Qxh4 Rxh4 23. f3 Rhd4 24. h4 Rxh4 25. Kf2 Rhd4 26. Rh1 Rd2+ 27. Ke3 Rxc2 28. Rgh3 h6 29.
g4 Rdd2 30. Ke4 Rd4+ 31. Kf5 Rf4# 0-1

[Event "Live Chess"]
[Site "Chess.com"]
[Date "2024.06.01"]
[Round "-"]
[White "simonJacobsLondon"]
[Black "Enhard"]
[Result "1-0"]
[WhiteElo "1578"]
[BlackElo "1427"]
[TimeControl "300"]
[EndTime "12:47:25 PDT"]
[Termination "simonJacobsLondon won by resignation"]

1. e4 c6 2. d4 d5 3. exd5 cxd5 4.
Bd3 Nf6 5. c3 Bg4 6. Qb3 b6 7.
Qa4+ Nbd7 8. Bb5 h6 9. f3 Be6 10. Ne2 g6 11. Nd2 Bg7 12. Nf4 Bf5 13. g4 g5 14.
gxf5 gxf4 15. Rg1 O-O 16. Nf1 e6 17. Bxf4 Nh5 18. Bxh6 Kh7 19. Bxg7 Nxg7 20. Bxd7 Qh4+ 21. Ng3 Nxf5 22. O-O-O Qf4+ 23. Kb1 Qxf3 24. Nxf5 Qxf5+ 25. Ka1 Rg8 26. Bb5 Kh8 27. Bd3 Qf6 28. Qc2 Rxg1 29.
Rxg1 Rg8 30. Rxg8+ Kxg8 31. Qg2+ Kf8 32. Qg3 Qh6 33.
h4 Qc1+ 34. Bb1 Qh6 35. Qg5 Qh8 36. h5 f6 37. Qg6 Ke7 38. h6 1-0

[Event "Live Chess"]
[Site "Chess.com"]
[Date "2024.06.01"]
[Round "-"]
[White "Richardallis"]
[Black "Stanbad1"]
[Result "0-1"]
[WhiteElo "2010"]
[BlackElo "2664"]
[TimeControl "300"]
[EndTime "12:47:42 PDT"]
[Termination "Stanbad1 won on time"]

1. d4 Nf6 2. Nf3 g6 3. Bg5 Bg7 4. Nbd2 d6 5. e4 O-O 6. Bc4 Nbd7 7. Bb3 e5 8. dxe5 dxe5 9. O-O c6 10. c3 Qc7 11.
Qe2 Nc5 12. Bc2 Ne6 13. Bh4 Nf4 14. Qe3 Ng4 15. Qc5 b6 16. Qa3 a5 17. Rfe1 Ba6 18.
Bg3 Ne2+ 19. Kh1 Nxg3+ 20. fxg3 Rfd8 21. Nf1 Bf8 22. Qb3 Nf2+ 23. Kg1 Bc5 24. Ne3 Ng4 0-1

[Event "Live Chess"]
[Site "Chess.com"]
[Date "2024.06.01"]
[Round "-"]
[White "gmnorfolk"]
[Black "ACM42"]
[Result "0-1"]
[WhiteElo "2062"]
[BlackElo "2212"]
[TimeControl "300"]
[EndTime "12:47:43 PDT"]
[Termination "ACM42 won by resignation"]

1. d4 Nf6 2. c4 g6 3. Nc3 Bg7 4. Nf3 O-O 5. g3 d6 6. Bg2 c5 7. O-O Nc6 8. dxc5 dxc5 9. Qxd8 Rxd8 10. Be3 Be6 11. Bxc5 Bxc4 12. Rfd1 Nd5 13. Nxd5 Bxd5 14.
Nd4 Bxg2 15. Kxg2 Bxd4 0-1

[Event "Live Chess"]
[Site "Chess.com"]
[Date "2024.06.01"]
[Round "-"]
[White "RichardABates"]
[Black "Ferrarifan27"]
[Result "1-0"]
[WhiteElo "2232"]
[BlackElo "2053"]
[TimeControl "300"]
[EndTime "12:47:57 PDT"]
[Termination "RichardABates won on time"]

1. d4 Nf6 2. Nf3 d5 3. c4 e6 4. g3 Be7 5. Bg2 O-O 6. O-O dxc4 7. Qc2 Bd7 8. Qxc4 Bc6 9. Nc3 Nbd7 10. Qd3 Re8 11.
Rd1 Bb4 12. Bg5 h6 13. Bxf6 Nxf6 14. a3 Bxc3 15. bxc3 Be4 16. Qe3 Bd5 17. Rdc1 b5 18.
a4 a6 19. Ne5 Bxg2 20. Kxg2 Qd5+ 21. Qf3 Qxf3+ 22. Kxf3 Reb8 23. a5 Rd8 24. e4 Rd6 25. Ke3 Nd7 26. Nd3 Rc6 27. e5 Rc8 28. f4 Rc4 29. Nb2 Rc6 30. g4 Kf8 31. f5 Ke7 32. Rab1 h5 33. g5 exf5 34. h4 Nf8 35. d5 Rg6 36. Nd3 Nd7 37. Kf4 c6 38. c4 cxd5 39.
cxd5 Kd8 40. Rxc8+ Kxc8 41. Kxf5 Kd8 42. Nf4 Nf8 43.
Nxg6 Nxg6 44. Rb4 Ne7+ 45. Ke4 Ng6 46. Ke3 Nxe5 47. Kd4 Nc4 48. Kc5 Nxa5 49. Kb6 Nc4+ 50. Kxa6 Nd6 51. Kb6 Kd7 52. Kc5 g6 53. Rf4 Ke7 54.
Kc6 Nf5 55. Re4+ Kd8 56. d6 Ng3 57. Re5 Nf5 58. Re4 Ng3 59. Rb4 Nf5 60. Rb1 Nd4+ 61. Kd5 1-0

[Event "Live Chess"]
[Site "Chess.com"]
[Date "2024.06.01"]
[Round "-"]
[White "DarranAS"]
[Black "Bradfield133"]
[Result "0-1"]
[WhiteElo "1456"]
[BlackElo "1924"]
[TimeControl "300"]
[EndTime "12:47:57 PDT"]
[Termination "Bradfield133 won by resignation"]

1. e4 c5 2. f4 d5 3. exd5 Nf6 4.
Nc3 Nxd5 5. Bc4 e6 6. Nge2 Be7 7. O-O O-O 8. f5 Nxc3 9. Nxc3 Qd4+ 10. Kh1 Qxc4 11.
d3 Qd4 12. Qf3 exf5 13. Qg3 Bd6 14. Bf4 Bxf4 15. Rxf4 Qd6 16. Raf1 Nc6 17. Qg5 Qg6 18. Qh4 Be6 19. R1f3 f6 20. Rg3 Qf7 21. Rh3 g5 22. Rg3 Kh8 23. Rxg5 fxg5 24. Qxg5 Qg6 0-1

[Event "Live Chess"]
[Site "Chess.com"]
[Date "2024.06.01"]
[Round "-"]
[White "Dhaydon19"]
[Black "CarmelJane"]
[Result "1-0"]
[WhiteElo "2682"]
[BlackElo "2077"]
[TimeControl "300"]
[EndTime "12:48:04 PDT"]
[Termination "Dhaydon19 won by resignation"]

1. d4 Nf6 2. Nf3 e6 3. g3 c5 4. Bg2 cxd4 5. Nxd4 Nc6 6. Nxc6 bxc6 7. O-O d5 8. c4 Rb8 9. Qc2 Ba6 10. Nd2 Bb4 11.
b3 O-O 12. Rd1 Qb6 13. Nf3 Bc5 14. e3 Ne4 15. Ne5 Nf6 16. Bb2 Bxe3 17. fxe3 Qxe3+ 18. Qf2 Qg5 19. Nxc6 Ng4 20. Qf4 Qxf4 21. gxf4 Rb6 22. cxd5 Kh8 23. dxe6 fxe6 24. Rd7 1-0

[Event "Live Chess"]
[Site "Chess.com"]
[Date "2024.06.01"]
[Round "-"]
[White "NeilDruggan73"]
[Black "AlexanderMatlak"]
[Result "0-1"]
[WhiteElo "1755"]
[BlackElo "2485"]
[TimeControl "300"]
[EndTime "12:48:14 PDT"]
[Termination "AlexanderMatlak won by checkmate"]

1. d4 Nf6 2. Bg5 Ne4 3. h4 c5 4.
d5 h6 5. Bf4 Qb6 6. Nd2 Qxb2 7.
Rb1 Qd4 8. Nxe4 Qxe4 9. e3 d6 10.
Nf3 Nd7 11. c4 Qf5 12. Bd3 Qf6 13. O-O Nb6 14. a4 Bg4 15. a5 Nd7 16. Be4 g5 17.
hxg5 hxg5 18. Bxg5 Qg7 19. Bf4 f5 20. Rxb7 Qh7 21.
Bh2 Bxf3 22. Qxf3 Qxh2# 0-1

[Event "Live Chess"]
[Site "Chess.com"]
[Date "2024.06.01"]
[Round "-"]
[White "FlyingChessKestrel13"]
[Black "Pandreq"]
[Result "1-0"]
[WhiteElo "2077"]
[BlackElo "1140"]
[TimeControl "300"]
[EndTime "12:48:19 PDT"]
[Termination "FlyingChessKestrel13 won by resignation"]

1. d4 d5 2. Bf4 Nf6 3. e3 c6 4.
c3 Bf5 5. Nf3 e6 6. Bd3 Bxd3 7.
Qxd3 Nbd7 8. Nbd2 Be7 9. c4 O-O 10. O-O a6 11. cxd5 Nxd5 12. Bg3 N7f6 13. Ne5 Bd6 14. e4 Bxe5 15. dxe5 Nb4 16. Qc3 Nxe4 17. Nxe4 Nd5 18. Qb3 b5 19. Rac1 Qb6 20. Qc2 Rac8 21. Ng5 g6 22. Ne4 Nb4 23. Qd2 Nxa2 24. Qh6 f5 25. exf6 Rxf6 26. Nxf6+ Kf7 27. Nxh7 1-0

[Event "Live Chess"]
[Site "Chess.com"]
[Date "2024.06.01"]
[Round "-"]
[White "WilliamofOrange16th"]
[Black "yarek"]
[Result "1/2-1/2"]
[WhiteElo "1978"]
[BlackElo "1733"]
[TimeControl "300"]
[EndTime "12:48:20 PDT"]
[Termination "Game drawn by stalemate"]

1. e4 g6 2. d4 Bg7 3. Nc3 c6 4.
Be2 d5 5. f3 dxe4 6. fxe4 e5 7.
dxe5 Qxd1+ 8. Bxd1 Bxe5 9. Bd2 Nf6 10. Nf3 Bc7 11. O-O O-O 12. Bg5 Ng4 13. h3 Ne5 14. Bf6 Nxf3+ 15. Bxf3 Nd7 16. Bh4 Ne5 17. Be2 Be6 18.
Rad1 Kg7 19. b3 f6 20. Nb1 Rad8 21. Bf2 Bb6 22. Bxb6 axb6 23. Nd2 Rd4 24. c3 Rd6 25. Nf3 Nxf3+ 26. Bxf3 Rfd8 27. Rxd6 Rxd6 28. Rd1 Rxd1+ 29. Bxd1 Kf7 30. Kf2 Ke7 31. Ke3 Kd6 32. a4 Ke5 33. b4 Ba2 34. Bc2 c5 35. a5 cxb4 36. cxb4 bxa5 37. bxa5 Bc4 38. Ba4 Ba2 39. Bc2 Bc4 40. g3 Bf1 41. h4 Bg2 42. Bd3 h6 43. Bc2 g5 44. hxg5 fxg5 45. Kd3 Bxe4+ 46. Kc3 Bxc2 47. Kxc2 h5 48. Kd3 h4 49. gxh4 gxh4 50. Ke3 Kd5 51.
Kf3 Kc5 52. Kg4 Kb5 53. Kxh4 Kxa5 54. Kg3 Kb4 55. Kf2 Kc3 56. Ke1 b6 57. Kd1 b5 58.
Kc1 b4 59. Kb1 Kb3 60. Kc1 Ka3 61. Kb1 b3 62. Ka1 b2+ 63. Kb1 Kb3 1/2-1/2

[Event "Live Chess"]
[Site "Chess.com"]
[Date "2024.06.01"]
[Round "-"]
[White "Demyan7777"]
[Black "peteopeteo"]
[Result "1-0"]
[WhiteElo "1813"]
[BlackElo "1600"]
[TimeControl "300"]
[EndTime "12:48:36 PDT"]
[Termination "Demyan7777 won by resignation"]

1. e4 c6 2. d4 d5 3. exd5 cxd5 4.
c4 Nf6 5. Nc3 Nc6 6. Nf3 Bg4 7.
cxd5 Nxd5 8. Qb3 Nb6 9. Bb5 e6 10. Ne5 Qc7 11. Nxg4 O-O-O 12. Bxc6 Qxc6 13. Ne3 Bd6 14. Bd2 Kb8 15. Rc1 Qd7 16. O-O f5 17. Nb5 Qe7 18. Nc4 Nd5 19. Nbxd6 Rxd6 20. Nxd6 Qxd6 21. Qg3 f4 22. Qxg7 Rf8 23. Qe5 Qxe5 24. dxe5 f3 25. g3 h5 26. Rfe1 h4 27. Bh6 hxg3 28. hxg3 Rh8 29.
Bf4 Rg8 30. Be3 Nb4 31. Bc5 Nd3 32. Bd6+ Ka8 33. Red1 Nxb2 34. Rd2 Na4 35. Rdc2 Nb6 36. a4 a6 37. a5 Nd5 38. Rc8+ Rxc8 39. Rxc8+ Ka7 40.
Bc5+ b6 41. axb6+ Nxb6 42. Rc7+ Kb8 43. Bxb6 a5 44. Bxa5 Ka8 45. g4 Kb8 46. g5 Ka8 47. g6 Kb8 48. g7 1-0

[Event "Live Chess"]
[Site "Chess.com"]
[Date "2024.06.01"]
[Round "-"]
[White "Eva3337"]
[Black "koekoekoe"]
[Result "0-1"]
[WhiteElo "1156"]
[BlackElo "2058"]
[TimeControl "300"]
[EndTime "12:48:45 PDT"]
[Termination "koekoekoe won by resignation"]

1. e4 d5 2. e5 c5 3. c3 Nc6 4. d4 cxd4 5. cxd4 Bf5 6. Nf3 e6 7. Nc3 Bb4 8. Bd2 Nge7 9. Nb5 O-O 10. Bxb4 Nxb4 11. Nd6 Nc2+ 12. Ke2 Nxa1 13. Nxf5 Nxf5 14.
Qxa1 Qb6 15. b3 Rac8 16. Ke1 Rc7 17. Bd3 Rfc8 18. Ke2 g6 19. Bxf5 gxf5 20. Rd1 Rc2+ 21. Rd2 Qb5+ 22. Kd1 Qf1+ 23. Ne1 Rc1+ 24. Qxc1 Rxc1+ 25. Kxc1 Qxe1+ 26. Rd1 Qxf2 27. Rd2 Qg1+ 28. Kc2 Qxh2 29.
b4 Qg3 30. a4 Qa3 0-1

[Event "Live Chess"]
[Site "Chess.com"]
[Date "2024.06.01"]
[Round "-"]
[White "dhairyapandyauk"]
[Black "LanceMaster23"]
[Result "0-1"]
[WhiteElo "1645"]
[BlackElo "1830"]
[TimeControl "300"]
[EndTime "12:48:46 PDT"]
[Termination "LanceMaster23 won on time"]

1. e4 c6 2. d4 d5 3. exd5 cxd5 4. Bf4 Nf6 5. Nc3 Bf5 6. Bd3 Bxd3 7. Qxd3 e6 8. Nge2 Bd6 9. O-O O-O 10. Rae1 a6 11.
Bxd6 Qxd6 12. f4 Nbd7 13. Ng3 b5 14. f5 e5 15. dxe5 Nxe5 16. Qd4 Rfe8 17. Nge4 Nxe4 18. Nxe4 Qc6 19. Nc3 Nc4 20. Nxd5 Nxb2 21. Ne7+ Rxe7 22. Rxe7 Qxc2 23. Qd7 Rf8 24. Rfe1 Nd3 25. Qa7 Nxe1 26. Rxe1 Qxa2 27. Qd7 b4 28. Re8 Qa1+ 29. Kf2 Qf6 30. Rxf8+ Kxf8 31. Qc8+ Ke7 32. Qc7+ Ke8 33. Qc8+ Qd8 34.
Qc6+ Qd7 35. Qa8+ Ke7 36. Qe4+ Kf6 37. Qh4+ Ke5 38. Qg3+ Kd5 39. Qd3+ Kc6 40. Qc4+ Kd6 41. Qxb4+ Kc7 42. Qc5+ Kd8 43. Qf8+ Kc7 44. Qc5+ Qc6 0-1

[Event "Live Chess"]
[Site "Chess.com"]
[Date "2024.06.01"]
[Round "-"]
[White "missedJariChance"]
[Black "WorcesterYork"]
[Result "0-1"]
[WhiteElo "1341"]
[BlackElo "2498"]
[TimeControl "300"]
[EndTime "12:49:07 PDT"]
[Termination "WorcesterYork won by resignation"]

1. b3 c5 2. Bb2 Nc6 3. Nf3 d5 4. e3 Bg4 5. Be2 Nf6 6. O-O e6 7. h3 Bxf3 8. Bxf3 Bd6 9. c4 O-O 10. cxd5 exd5 11. Nc3 Be5 12. d4 cxd4 13. exd4 Bxd4 14.
Na4 Bxb2 15. Nxb2 Re8 16. Qd3 Qd6 17. Rad1 Rad8 18. Qb5 b6 19. Rc1 Ne5 20. Be2 h6 21.
Rfd1 Qe6 22. Bf1 Ng6 23. Rc7 a5 24. Rdc1 Ne4 25. Qd3 Qe5 26. R7c6 Qxb2 27. Rxb6 Qxf2+ 0-1

[Event "Live Chess"]
[Site "Chess.com"]
[Date "2024.06.01"]
[Round "-"]
[White "cymbalshift"]
[Black "nigelst"]
[Result "1-0"]
[WhiteElo "1764"]
[BlackElo "1642"]
[TimeControl "300"]
[EndTime "12:49:13 PDT"]
[Termination "cymbalshift won by resignation"]

1. d4 Nf6 2. Nc3 d5 3. e4 dxe4 4. f3 e5 5. dxe5 Qxd1+ 6. Nxd1 Nfd7 7. f4 Nc6 8. Bb5 Nd4 9. Bxd7+ Bxd7 10. Ne3 Ne6 11. Nd5 O-O-O 12. Be3 Kb8 13. O-O-O Bc5 14. f5 Bxe3+ 15. Nxe3 Nf4 16. g3 Nh5 17. Ne2 g6 18. g4 Ng7 19. Rhf1 Rhe8 20. f6 Ne6 21. Nd5 Bc6 22. Ne7 Bb5 23. Rxd8+ Rxd8 24. Re1 Bxe2 25.
Rxe2 Rd4 26. c3 Rc4 27. Kb1 Nf4 28.
Rd2 a6 29. Rd8+ Ka7 30. Nc8+ Kb8 31. Nb6+ Ka7 32. Nxc4 1-0

[Event "Live Chess"]
[Site "Chess.com"]
[Date "2024.06.01"]
[Round "-"]
[White "ShanthamGrarks"]
[Black "wadsy27"]
[Result "0-1"]
[WhiteElo "1911"]
[BlackElo "2562"]
[TimeControl "300"]
[EndTime "12:49:20 PDT"]
[Termination "wadsy27 won by resignation"]

1. d4 Nf6 2. Nc3 c5 3. dxc5 e6 4. Nf3 Bxc5 5. e3 d5 6. Bd3 O-O 7. O-O Nc6 8. a3 e5 9. Bb5 e4 10. Nd4 Qc7 11. Nb3 Bd6 12. h3 a6 13. Be2 Rd8 14. Nd4 Ne5 15. f4 exf3 16. Nxf3 Be6 17. Ng5 h6 18. Nxe6 fxe6 19. Qe1 Nc4 20. Bxc4 Qxc4 21. Qe2 Qxe2 22. Nxe2 Ne4 23. Nd4 Re8 24.
b4 Rac8 25. Bb2 Be5 26. Rac1 Nd2 27. Rf2 Nc4 28. Rb1 Nxe3 29. Re1 Bxd4 30. Bxd4 Nxc2 31. Rd1 Nxd4 32. Rxd4 Rc4 33. Rfd2 Rxd4 34. Rxd4 Kf7 35. Kf2 Ke7 36. Ke3 Kd6 37. Rd2 e5 38. Rf2 Rc8 39.
Rf7 Rc7 40. Rf8 Rc3+ 41. Kd2 Rxa3 42. Rf7 d4 43. Rxb7 e4 44. Rxg7 Ra2+ 45. Ke1 d3 46. Rg3 Kd5 0-1

[Event "Live Chess"]
[Site "Chess.com"]
[Date "2024.06.01"]
[Round "-"]
[White "degringolade64"]
[Black "LL220284LL"]
[Result "0-1"]
[WhiteElo "2136"]
[BlackElo "2551"]
[TimeControl "300"]
[EndTime "12:49:23 PDT"]
[Termination "LL220284LL won by checkmate"]

1. e4 d5 2. exd5 Qxd5 3. Nc3 Qa5 4. d4 c6 5. Nf3 Nf6 6. Bc4 Bf5 7. Ne5 e6 8. g4 Be4 9. O-O Bd5 10. Nxd5 cxd5 11. Bd3 Bd6 12. Bd2 Qc7 13. f4 Nc6 14. c3 Nd7 15.
Qe2 Ncxe5 16. fxe5 Be7 17. Rf3 Rf8 18. Raf1 Qb6 19.
b4 a5 20. b5 a4 21. Qf2 f5 22.
gxf5 O-O-O 23. Qg2 Nxe5 24. Re3 Nxd3 25. Rxe6 Qc7 26.
Qe2 Bd6 27. Qxd3 Bxh2+ 28. Kh1 Bd6 29. Rc1 Qf7 30. Qh3 Qxf5 31. Qxf5 Rxf5 32. c4 Ba3 33. Rg1 Rh5+ 34. Kg2 dxc4 35. Bf4 Rf8 36. Kf3 g5 37. Kg4 Rh4+ 38. Kxg5 Rhxf4 39. Rh1 R8f5+ 40. Kh6 Kd7 41. Rb6 Kc7 42. Re6 Rf7 43. Rh5 Bf8+ 44. Kg5 R7f5# 0-1

[Event "Live Chess"]
[Site "Chess.com"]
[Date "2024.06.01"]
[Round "-"]
[White "nffc11"]
[Black "Sweet-O"]
[Result "1-0"]
[WhiteElo "2020"]
[BlackElo "1555"]
[TimeControl "300"]
[EndTime "12:49:49 PDT"]
[Termination "nffc11 won by resignation"]

1. d4 c5 2. e3 cxd4 3. exd4 e6 4. Bd3 Nf6 5. Nf3 Be7 6. O-O O-O 7. c4 d6 8. Nc3 Ng4 9. h3 h5 10. hxg4 hxg4 11. Nd2 e5 12. dxe5 dxe5 13. Nd5 Bd6 14. Ne4 Nc6 15. Qd2 Bb8 16. Qg5 f5 17. Qxd8 Nxd8 18. Nec3 e4 19. Bc2 Kf7 20. g3 Rh8 21. Kg2 Ne6 22. Be3 Be5 23. Rh1 Bd7 24. Rxh8 Rxh8 25. Rh1 Rxh1 26. Kxh1 Bd4 27. Kg2 b6 28. Ba4 Bxa4 29. Nxa4 Ke8 30. Nc7+ Nxc7 31. Bxd4 g6 32. Nc3 Kd7 33. Kf1 Kc6 34. Ke2 a6 35.
Ke3 g5 36. Ne2 b5 37. cxb5+ Nxb5 38. Bf6 Nd6 39. Bxg5 Nc4+ 40. Kf4 Nxb2 41. Kxf5 Kc5 42. Kxe4 Kb4 43. Bf6 Nc4 44. Kf4 Nb6 45. Kxg4 Nd5 46. Bb2 a5 47. f4 a4 48. f5 a3 49. Bc1 Nf6+ 50. Kf4 Kc4 51. Bxa3 Kd3 52. Ng1 Kc2 53.
g4 Kb1 54. g5 Nd5+ 55. Ke5 Ne3 56. f6 Ng4+ 57. Kf5 Ne3+ 58. Ke6 Nc4 59. f7 1-0

[Event "Live Chess"]
[Site "Chess.com"]
[Date "2024.06.01"]
[Round "-"]
[White "matt1979"]
[Black "agamilewska"]
[Result "1-0"]
[WhiteElo "1401"]
[BlackElo "1758"]
[TimeControl "300"]
[EndTime "12:50:02 PDT"]
[Termination "matt1979 won by checkmate"]

1. f4 d5 2. e3 Nf6 3. Nf3 e6 4.
b3 c5 5. Bb2 Nc6 6. Bb5 Bd7 7.
Bxc6 Bxc6 8. Ne5 Bd6 9. O-O O-O 10. Nxc6 bxc6 11. Qe1 Ne4 12. d3 Nf6 13. Qh4 Be7 14. Qh3 d4 15. e4 g6 16. Rf3 Nh5 17. g4 Ng7 18. Qh6 f5 19. Rh3 Kf7 20. g5 fxe4 21.
dxe4 e5 22. Bc1 exf4 23. Bxf4 d3 24. Be5 Rg8 25. Rxd3 Qa5 26. Nc3 Bf8 27. Rf1+ Ke6 28. Bxg7 Bxg7 29. Qh3+ Ke7 30. Qd7# 1-0

[Event "Live Chess"]
[Site "Chess.com"]
[Date "2024.06.01"]
[Round "-"]
[White "JanMur7"]
[Black "f4nomore"]
[Result "1-0"]
[WhiteElo "2313"]
[BlackElo "1201"]
[TimeControl "300"]
[EndTime "12:50:17 PDT"]
[Termination "JanMur7 won on time"]

1. e4 g6 2. h4 h5 3. d4 d6 4. Nf3 Bg7 5. Be2 Nc6 6. O-O Bg4 7. d5 Bxf3 8. Bxf3 Ne5 9. Be2 Nf6 10. f3 O-O 11. Be3 c6 12. c4 cxd5 13. cxd5 Rc8 14. Nc3 a6 15. a4 Nc4 16. Bxc4 Rxc4 17. Qb3 Qc8 18. Rfc1 Nd7 19. Ne2 Rxc1+ 20. Rxc1 Qb8 21. Bb6 Nxb6 22. Qxb6 Rc8 23. Re1 Kh7 24. Qb3 Rc5 25.
Rc1 Rxc1+ 26. Nxc1 b5 27. Nd3 Qb6+ 28. Kf1 Qe3 29.
axb5 axb5 30. Qc2 Qd4 31. b3 Qa1+ 32. Kf2 Bd4+ 33. Kg3 Qh1 34. Qc1 Be5+ 35. f4 Bxf4+ 36. Qxf4 Qb1 37. Qxf7+ Kh6 38. Qf8+ Kh7 39. Qxe7+ Kh6 40.
Qf8+ Kh7 41. Qf7+ Kh6 42. Qf4+ Kh7 43. Qf3 Qxb3 44. e5 Qa3 45. e6 Qa7 46. Qf7+ Qxf7 47.
exf7 Kg7 48. Kf4 Kxf7 49. Kg5 1-0

[Event "Live Chess"]
[Site "Chess.com"]
[Date "2024.06.01"]
[Round "-"]
[White "alicechristina"]
[Black "chessfiction"]
[Result "1/2-1/2"]
[WhiteElo "1805"]
[BlackElo "2395"]
[TimeControl "300"]
[EndTime "12:50:31 PDT"]
[Termination "Game drawn - insufficient material"]

1. e4 c5 2. Nf3 d6 3. d4 cxd4 4. Nxd4 Nf6 5. Nc3 a6 6. Bg5 e6 7.
f4 Be7 8. Qf3 Qc7 9. O-O-O Nc6 10. g4 Bd7 11. Nxc6 Bxc6 12. Bxf6 gxf6 13. Kb1 O-O-O 14.
Bg2 Rhg8 15. h3 f5 16. gxf5 exf5 17. Qf2 fxe4 18. Nxe4 Rxg2 19. Qxg2 f5 20. Qg7 Bxe4 21. Rh2 d5 22. Qxh7 d4 23. Rhd2 Bf6 24. Qxc7+ Kxc7 25. Rg1 Kd6 26. b3 Ke6 27. Kc1 Rh8 28. Rh2 Be7 29. Kd2 Bd6 30. Rg6+ Kd5 31. c4+ dxc3+ 32. Kxc3 Bxf4 33.
Rf2 Rxh3+ 34. Kb4 Bd6+ 35. Ka5 f4 36. Rg5+ Be5 37. Rxf4 Rh2 38. Rf8 Rxa2+ 39. Kb6 Kd4 40. Re8 Bf4 41. Rd8+ Ke3 42. Rg7 Kf3 43. Rf7 Ke3 44.
Re8 Rb2 45. Rfe7 Rxb3+ 46. Ka5 Rb5+ 47. Ka4 Bd6 48. Rxe4+ Kd3 49. Rh4 Re5 50. Rxe5 Bxe5 51. Rh5 Bd4 52. Ka5 Kc4 53. Ka4 b5+ 54. Ka5 b4 55. Kxa6 b3 56. Rh2 Bc3 57. Rh3 b2 58. Rh1 Bd2 59. Rb1 Kb3 60. Rxb2+ Kxb2 1/2-1/2

[Event "Live Chess"]
[Site "Chess.com"]
[Date "2024.06.01"]
[Round "-"]
[White "Ksenia_2013"]
[Black "Nazar-Makarchuk"]
[Result "1/2-1/2"]
[WhiteElo "842"]
[BlackElo "1481"]
[TimeControl "300"]
[EndTime "12:50:43 PDT"]
[Termination "Game drawn by stalemate"]

1. e4 d5 2. exd5 Qxd5 3. Nc3 Qd8 4. Nf3 Nf6 5. Bc4 e6 6. O-O Bb4 7. a3 Bxc3 8. dxc3 Qxd1 9. Rxd1 O-O 10. Rd3 Nc6 11. Ng5 e5 12. Rg3 h6 13. Nxf7 Rxf7 14.
Bxf7+ Kxf7 15. f4 exf4 16. Bxf4 Nh5 17. Rf3 Nxf4 18. Rxf4+ Kg6 19. Raf1 Be6 20. Re4 Bf5 21. Ref4 Bxc2 22. Rg4+ Kh7 23. Rf7 Rg8 24. Kf2 Bg6 25. Kf3 Bxf7 26. Kf4 Rf8 27. Kf5 Re8 28. Kf4 Be6 29.
Rg3 Rf8+ 30. Ke3 Ne7 31. b4 Nf5+ 32. Kf3 Nxg3+ 33. Kxg3 Rd8 34. c4 Bxc4 35. a4 Rd4 36. b5 Be6 37. a5 Ra4 38. b6 Rxa5 39. bxc7 Rc5 40. Kf4 Rxc7 41. Ke5 Bc4 42. Kd4 a6 43. Kc3 Bb5+ 44. Kb4 Bc6 45. Ka5 Rf7 46. Kb6 Rf2 47. Ka5 Rxg2 48. Kb6 Rxh2 49. Ka5 g5 50. Kb6 g4 51.
Ka5 g3 52. Kb6 g2 53. Ka7 g1=Q+ 54. Kb8 Qg8+ 55. Ka7 Rf2 56. Kb6 Qd8+ 57. Ka7 Rf8 1/2-1/2